 Dungeon Crawl Stone Soup version 0.27.1-33-g824d729ab1 (webtiles) character file.

Game seed: 3581221300786924813

2 austinbyrn the Shield-Bearer (level 1, 0/14 HPs)
             Began as a Gargoyle Fighter on Dec 10, 2021.
             Slain by a quokka (2 damage)
             ... on level 1 of the Dungeon.
             The game lasted 00:00:18 (66 turns).

austinbyrn the Shield-Bearer (Gargoyle Fighter)       Turns: 66, Time: 00:00:19

Health: 0/14       AC:  9    Str: 19    XL:     1   Next: 40%
Magic:  1/1        EV:  7    Int:  8    God:
Gold:   0          SH:  9    Dex:  9    Spells: 0/0 levels left

rFire    . . .     SeeInvis .   a - +0 flail
rCold    . . .     Faith    .   c - +0 kite shield
rNeg     + . .     Spirit   .   b - +0 scale mail
rPois    ∞         Reflect  .   (no helmet)
rElec    +         Harm     .   (no cloak)
rCorr    .         Rampage  .   (no gloves)
Will     .....                  (no boots)
Stlth    ..........             (no amulet)
HPRegen  0.04/turn              (no ring)
MPRegen  0.07/turn              (no ring)

@: no status effects
A: sickness immunity, AC +2, negative energy resistance 1, electricity
resistance, torment resistance 1, petrification resistance
a: no special abilities


You were on level 1 of the Dungeon.
You visited 1 branch of the dungeon, and saw 1 of its levels.

Inventory:

Hand Weapons
 a - a +0 flail (weapon)
Armour
 b - a +0 scale mail (worn)
 c - a +0 kite shield (worn)
Scrolls
 e - a scroll of teleportation {unknown}
 f - a scroll of brand weapon {unknown}
Potions
 d - a potion of might


   Skills:
 - Level 3.2 Fighting
 * Level 2.1 Maces & Flails
 - Level 3.2 Armour
 + Level 3.3 Shields


You couldn't memorise any spells.
You didn't know any spells.
Your spell library was empty.

Dungeon Overview and Level Annotations

Branches:
Dungeon (1/15)

Altars:


Innate Abilities, Weirdness & Mutations

You are immune to sickness and miasma.
Your stone body is resilient. (AC +2)
You are immune to poison.
You resist negative energy. (rN+)
You are resistant to electric shocks. (rElec)
You are resistant to unholy torment.
You are immune to petrification.


Message History

Things that are here:
a +0 short sword; a kobold corpse
f - a scroll labelled CABO EWUOQA An endoplasm comes into view.
The endoplasm quivers.
Found a stone staircase leading down.
A quokka comes into view.
The endoplasm freezes you.
You are frozen.
You sock the endoplasm!
You kill the endoplasm!
The quokka bites you.
You are too injured to fight recklessly!
You are too injured to fight recklessly!
You are too injured to fight recklessly!
You are too injured to fight recklessly!
You are too injured to fight recklessly!
You closely miss the quokka.
The quokka bites you but does no damage.
You block the quokka's attack.
You closely miss the quokka. You block the quokka's attack.
The quokka barely misses you.
You miss the quokka.
The quokka bites you but does no damage.
The quokka bites you.
* * * LOW HITPOINT WARNING * * *
You barely miss the quokka.
The quokka bites you but does no damage.
You block the quokka's attack.
You miss the quokka.
The quokka bites you but does no damage.
You block the quokka's attack.
Your shield prevents you from hitting the quokka.
The quokka bites you.
* * * LOW HITPOINT WARNING * * *
You block the quokka's attack.
You closely miss the quokka. You block the quokka's attack. x2
You closely miss the quokka. The quokka closely misses you.
You barely miss the quokka. The quokka bites you.
You die...

##...##..#
#####...####.####..
#......)###.......#
#.###.......#.# ##
###....####..
###..#....#.#
#......#.##.#
#####..##.#
#@..###..
#....r.!.# ##.
#........# #.
#.......... .
#.......>###
#........#
#........#
##########


You could see a quokka.

Vanquished Creatures
  An endoplasm (D:1)
  A kobold (D:1)
2 creatures vanquished.

Notes
Turn   | Place    | Note
-------+----------+-------------------------------------------
     0 | D:1      | austinbyrn the Gargoyle Fighter began the quest for the
                  | Orb.
     0 | D:1      | Reached XP level 1. HP: 14/14 MP: 1/1
    66 | D:1      | Slain by a quokka

Illustrated notes

Levels and vault maps discovered:
D:1:      lemuel_arrival_broad_hall, layout_rooms, ebering_ecumenical_altar_mist

Action                   || total
-------------------------++-------
Melee: Flail             ||    11
Armor: Scale mail        ||     4
Dodge: Dodged            ||     2
Block: Kite shield       ||     7
